 Dungeon Crawl Stone Soup version 0.18-a0-1497-g788d838 (webtiles) character file.

191 milladamen the Skirmisher (level 5, 0/47 HPs)
             Began as a Hill Orc Fighter on Mar 4, 2016.
             Succumbed to a worker ant's poison
             ... on level 4 of the Dungeon.
             The game lasted 00:06:31 (2133 turns).

milladamen the Skirmisher (Hill Orc Fighter)        Turns: 2133, Time: 00:06:31

Health: 0/47       AC:  9    Str: 20    XL:     5   Next: 70%
Magic:  5/5        EV:  6    Int:  8    God:
Gold:   237        SH:  9    Dex: 10    Spells: 0 memorised, 4 levels left

rFire  . . .     SeeInvis .     a - +0 war axe
rCold  . . .     Gourm    .     j - +0 chain mail
rNeg   . . .     Faith    .     c - +0 shield
rPois  .         Spirit   .     (no helmet)
rElec  .         Dismiss  .     (no cloak)
rCorr  .         Reflect  .     (no gloves)
SustAt .         Harm     .     (no boots)
MR     .....                    (no amulet)
Stlth  ..........               (no ring)
                                (no ring)

@: lethally poisoned (0 -> -3), not resistant to hostile enchantments, extremely
unstealthy
A: no striking features
a: no special abilities


You were on level 4 of the Dungeon.
You were not hungry.

You visited 1 branch of the dungeon, and saw 4 of its levels.

You collected 237 gold pieces.

Inventory:

Hand Weapons
 a - a +0 war axe (weapon)
Armour
 b - a +0 scale mail
 c - a +0 shield (worn)
 j - a +0 chain mail (worn)
Jewellery
 k - an uncursed amulet of guardian spirit {unknown}
Scrolls
 e - 2 scrolls of remove curse {unknown}
 p - a scroll of identify {unknown}
Potions
 d - a potion of might
 h - a potion of brilliance {unknown}
 i - a potion of flight {unknown}
 l - 3 potions of heal wounds {unknown}
 o - a potion of haste {unknown}
 q - a potion of degeneration {unknown}
Comestibles
 f - 2 bread rations
 g - 2 slices of pizza
 m - a beef jerky


   Skills:
 + Level 4.5 Fighting
 + Level 4.1 Axes
 + Level 4.3 Armour
 + Level 1.2 Dodging
 + Level 4.3 Shields


You had 4 spell levels left.
You didn't know any spells.

Dungeon Overview and Level Annotations

Branches:
Dungeon (4/15)
 Temple: D:4-7

Altars:
Fedhas
Kikubaaqudgha
Makhleb


Message History

Your shield and chain mail prevent you from hitting the worker ant.
The worker ant is severely wounded.
* * * LOW HITPOINT WARNING * * *
You feel sick. You block the worker ant's attack. x2
You hit the worker ant.
The worker ant is almost dead.
The worker ant bites you but does no damage.
You closely miss the worker ant.
The worker ant is almost dead.
You feel sick. The worker ant bites you.
* * * LOW HITPOINT WARNING * * *
The worker ant barely misses you.
You barely miss the worker ant.
The worker ant is almost dead.
* * * LOW HITPOINT WARNING * * *
You feel sick. You block the worker ant's attack. The worker ant bites you.
* * * LOW HITPOINT WARNING * * *
You closely miss the worker ant.
The worker ant is almost dead.
You die...

#.#..##.#
#.#..##.#####.#
#.............#
#####.###..#######
#................#
##.###.####..####.#
##...##.#
#..####.####
#.....#.#
#......#....
#....a@.#
##.####.####
#.....#### #.# #.#
##.>.. ..# #.#
#.### ##.## #.# #..
#...# #. ##.####
###.# # #..... #.#
#.###..### #.#
#..<..†..# #.#
#####..### #.#


You could see a worker ant.

Vanquished Creatures
  A scorpion (D:4)
  5 adders
  6 worms
  A dart slug (D:1)
  2 giant geckos (D:1)
  2 orcs (D:3)
  A ball python (D:1)
  10 bats
  4 giant cockroaches
  10 goblins
  7 hobgoblins
  7 jackals
  4 giant newts
  7 kobolds
  5 rats
72 creatures vanquished.

Notes
Turn   | Place    | Note
--------------------------------------------------------------
     0 | D:1      | milladamen the Hill Orc Fighter began the quest for the Orb.
     0 | D:1      | Reached XP level 1. HP: 19/19 MP: 1/1
    82 | D:1      | Reached XP level 2. HP: 25/27 MP: 2/2
   207 | D:1      | Reached XP level 3. HP: 15/33 MP: 3/3
   815 | D:2      | Reached XP level 4. HP: 18/40 MP: 4/4
  1455 | D:2      | Found a burning altar of Makhleb.
  1455 | D:2      | Found a blossoming altar of Fedhas.
  1456 | D:2      | Found an ancient bone altar of Kikubaaqudgha.
  1725 | D:3      | Reached skill level 1 in Dodging
  1748 | D:3      | Reached XP level 5. HP: 41/47 MP: 5/5
  2132 | D:4      | HP: 1/47 [worker ant (2)]
  2133 | D:4      | Succumbed to a worker ant's poison

Vault maps used:
D:1:      minmay_arrival_floating_metal, nrook_loot_triangle, st_stairs_13
D:2:      nicolae_overflow_hidden_temple, first_bread, small_statue_intersection
D:3:      kennysheep_big_flooded_room
D:4:      gammafunk_temple_overflow_statue, cheibriados_altar_wand_db,
          minmay_temple_entry_butterflies, serial_shops, kennysheep_little_box

Skill      XL: |  1  2  3  4  5 |
---------------+----------------+-----
Axes           | 3 4 |  4.1
Fighting       | 4 |  4.5
Shields        | 4 |  4.3
Armour         | 4 |  4.3
Dodging        | 1 |  1.2

Action                   |  1- 3 |  4- 6 || total
-------------------------+-------+-------++-------
Melee: War axe           |   111 |   167 ||   278
  Use: Potion            |     1 |     1 ||     2
  Eat: Meat ration       |       |     1 ||     1
